 Dungeon Crawl Stone Soup version 0.24.0-37-gcf1ca852f1 (webtiles) character file.

Game seed: 13832162498501804506, levelgen mode: deterministic

246 Descartes the Sneak (level 5, -4/25 HPs)
             Began as a Felid Monk on Dec 1, 2019.
             Slain by an orc priest
             ... wielding a +0 club
              (7 damage)
             ... on level 5 of the Dungeon.
             The game lasted 00:08:21 (5142 turns).

Descartes the Sneak (Felid Monk)                    Turns: 5142, Time: 00:08:21

Health: -4/25      AC:  1    Str:  8    XL:     5   Next: 84%
Magic:  6/6        EV: 21    Int: 11    God:
Gold:   235        SH:  0    Dex: 19    Spells: 4/4 levels left
                                        Lives:  0   Deaths: 1

rFire    . . .     SeeInvis +     - Unarmed
rCold    . . .     Gourm    .   (shield unavailable)
rNeg     . . .     Faith    .   (armour unavailable)
rPois    .         Spirit   .   (helmet unavailable)
rElec    .         Reflect  .   (cloak unavailable)
rCorr    .         Harm     .   (gloves unavailable)
MR       .....                  (boots unavailable)
Stlth    ++++......             (no amulet)
HPRegen  0.08/turn              (no ring)
MPRegen  0.10/turn              (no ring)

@: quick
A: very small, no armour, no weapons or thrown items, stealth, claws 1, fangs 3,
see invisible, carnivore, speed 1, shaggy fur 1, slow metabolism 1, sharp paws
a: no special abilities


You were on level 5 of the Dungeon.
You were very full.

You visited 1 branch of the dungeon, and saw 5 of its levels.

You collected 235 gold pieces.

Inventory:

Missiles
 e - 99 arrows
Scrolls
 b - a scroll of identify {unknown}
 d - a scroll of teleportation
 g - 2 scrolls of magic mapping
 m - a scroll of fog
 o - a scroll of immolation {unknown}
Potions
 f - a potion of curing {unknown}
 h - a potion of lignification {unknown}
 i - a potion of mutation {unknown}
 j - a potion of heal wounds {unknown}
 k - a potion of agility {unknown}
 l - a potion of flight {unknown}
 p - a potion of haste {unknown}
Comestibles
 a - 12 rations


   Skills:
 + Level 3.8 Fighting
 + Level 5.3 Dodging
 * Level 5.8 Stealth
 * Level 4.8 Unarmed Combat


You had 4 spell levels left.
You didn't know any spells.
Your spell library was empty.

Dungeon Overview and Level Annotations

Branches:
Dungeon (5/15)
 Temple: D:4-7

Altars:
Cheibriados
Dithmenos
Fedhas
Kikubaaqudgha
Qazlal
Yredelemnul

Annotations:
D:3 Grinder


Innate Abilities, Weirdness & Mutations

You cannot wear armour.
You are incapable of wielding weapons or throwing items.
Your paws allow you to move quietly. (Stealth)
You have sharp claws.
You have razor-sharp teeth.
You have supernaturally acute eyesight. (SInv)
You are carnivorous and can eat meat at any time.
You cover ground quickly.
You are covered in fur. (AC +1)
You have a slow metabolism.
Your sharp claws are effective at attacking unaware monsters.


Message History

HP restored.
You climb downwards.
There is a stone staircase leading up here.
You claw the orc priest!
The orc priest is severely wounded.
The orc priest invokes the aid of Beogh against you.
Pain shoots through your body!
Ouch! That really hurt!
You are too injured to fight recklessly!
You are too injured to fight recklessly!
You scratch the orc priest but do no damage.
You bite the orc priest.
The orc priest is severely wounded.
The orc priest misses you.
The orc wizard points at you and mumbles some strange words.
The puff of flame hits you!
* * * LOW HITPOINT WARNING * * *
There is a stone staircase leading up here.
The orc priest hits you with a +0 club!
You die...

#.......#
#......%+
#.......#
#..o....#
#.......#
#.......#
#.......#
#.......###
.....#......@#
####.......o##
..............#
.##........####
######...#
....# .....#
......#
....?..#


You could see an orc priest and an orc wizard.

Vanquished Creatures
  A centaur (D:4)
  An iguana (D:4)
  3 worker ants (D:4)
  7 adders
  An ooze (D:3)
  An adder skeleton (D:4)
  6 dart slugs
  2 leopard geckos
  2 orcs (D:4)
  2 bat zombies (D:2)
  A giant cockroach (D:2)
  2 goblins
  10 hobgoblins
  6 kobolds
  2 quokkas
  A ball python (D:3)
  3 bats
  11 frilled lizards
  5 rats
  2 rat zombies (D:2)
69 creatures vanquished.

Notes
Turn   | Place    | Note
-------+----------+-------------------------------------------
     0 | D:1      | Descartes the Felid Monk began the quest for the Orb.
     0 | D:1      | Reached XP level 1. HP: 10/10 MP: 2/2
    75 | D:1      | Reached XP level 2. HP: 11/14 MP: 3/3
   493 | D:2      | Found a stormy altar of Qazlal.
   760 | D:2      | Reached XP level 3. HP: 6/17 MP: 4/4
  1171 | D:2      | Found a shadowy altar of Dithmenos.
  1235 | D:2      | Found an ancient bone altar of Kikubaaqudgha.
  1584 | D:2      | Found a snail-covered altar of Cheibriados.
  1889 | D:2      | Reached XP level 4. HP: 21/21 MP: 5/5
  2103 | D:3      | Found a blossoming altar of Fedhas.
  2733 | D:3      | Found a faded altar of an unknown god.
  2976 | D:4      | Reached XP level 5. HP: 8/24 MP: 6/6
  3342 | D:4      | HP: 1/24 [worker ant (7)]
  3343 | D:4      | Succumbed to a worker ant's poison
  3344 | D:4      | Reached XP level 4. HP: 0/21 MP: 5/5
  3451 | D:4      | Reached skill level 5 in Stealth
  3495 | D:4      | Reached skill level 5 in Dodging
  3975 | D:4      | Noticed a centaur
  3976 | D:4      | Found a basalt altar of Yredelemnul.
  3982 | D:4      | Killed a centaur
  3982 | D:4      | Reached XP level 5. HP: 25/25 MP: 6/6
  4376 | D:4      | Noticed Grinder
  5023 | D:5      | Entered Level 5 of the Dungeon
  5142 | D:5      | Slain by an orc priest

Levels and vault maps discovered:
D:1:      ncdulo_halloftheorcs, layout_rooms, minmay_misc_feat_doors
D:2:      layout_basic, lemuel_zombie_altar_kikubaaqudgha,
          nicolae_qazlal_general_emergency, lemuel_round_altar,
          kennysheep_slug_shrine, minmay_lizard_pond
D:3:      layout_loops_ring, lemuel_doored_altar,
          chequers_ecumenical_altar_island
D:4:      layout_loops_ring, yredelemnul_altar_generic, first_ration,
          uniq_grinder
D:5:      cheibrodos_quashed, layout_basic, xom_butterflies,
          okawaru_metal_pillars_1_2, uniq_pikel

Skill      XL: |  1  2  3  4 |
---------------+-------------+-----
Stealth        | 3 4 5 |  5.8
Unarmed Combat | 4 |  4.8
Dodging        | 5 |  5.3
Fighting       | |  3.8

Action                   |  1- 3 |  4- 6 || total
-------------------------+-------+-------++-------
Melee: Unarmed           |   100 |   108 ||   208
       Bite              |     5 |    12 ||    17
       Punch             |     3 |     1 ||     4
  Use: Potion            |       |     2 ||     2
       Scroll            |       |     5 ||     5
 Stab: Sleeping          |    13 |    11 ||    24
       Invisible         |       |     3 ||     3
       Distracted        |       |     1 ||     1
  Eat: Chunk             |     9 |    10 ||    19
Armor: Skin              |     2 |     4 ||     6
Dodge: Dodged            |    61 |    80 ||   141
